[Event "Rapid Tournament (RAP)"]
[Site "Biel, Switzerland"]
[Date "2026.07.12"]
[Round "2.3"]
[White "Liengme, Samuel"]
[Black "Bu, Xiangzhi"]
[Result "0-1"]
[TimeControl "15 + 5"]
[WhiteTitle "-"]
[BlackTitle "-"]
[WhiteFideId "1368141"]
[BlackFideId "8601445"]
[WhiteElo "1967"]
[BlackElo "2583"]

1. e4 e5 2. Nf3 Nc6 3. d4 exd4 4. Bc4 Nf6 5. e5 d5 6. Bb5 Ne4 7. Nxd4 Bd7 8. Bxc6 bxc6 9. O-O Bc5 10. f3 Ng5 11. f4 Ne4 12. Nc3 O-O 13. Be3 f6 14.
Nxe4 dxe4 15. exf6 Qxf6 16. Kh1 Rad8 17. c3 Be6 18. Qc2 Bc4 19. Rf2 Bd3 20. Qa4 Bb6 21. Re1 Rd6 22. f5 Qh4 23.
g3 Qh3 24. Nxc6 Bxe3 25. Rxe3 Qh6 26. Re1 Rxc6 27. Qxa7 Qd6 28. Qe3 Qd5 29. Qf4 e3+ 0-1

[Event "Rapid Tournament (RAP)"]
[Site "Biel, Switzerland"]
[Date "2026.07.12"]
[Round "2.4"]
[White "Ganguly, Surya Shekhar"]
[Black "Javet, Blaise"]
[Result "1-0"]
[TimeControl "15 + 5"]
[WhiteTitle "-"]
[BlackTitle "-"]
[WhiteFideId "5002150"]
[BlackFideId "1305026"]
[WhiteElo "2545"]
[BlackElo "1980"]

1. e4 c5 2. Nf3 e6 3. Nc3 d6 4. d4 cxd4 5. Nxd4 Nf6 6. g4 h6 7. Rg1 Be7 8. Be3 Nc6 9. h3 Bd7 10.
Qd2 Nxd4 11. Bxd4 e5 12. Be3 a6 13. O-O-O Rc8 14. f3 b5 15. a3 Be6 16. h4 Nd7 17. g5 h5 18. g6 f6 19.
Nd5 Nc5 20. Kb1 Rb8 21. Rh1 Bf8 22. Bh3 Rc8 23. Bxc5 Bxh3 24. Bb6 Qd7 25. Nc7+ Rxc7 26. Bxc7 Qxc7 27. Rxh3 Be7 28. Qd5 Rf8 29. f4 Qc8 30. f5 Kd8 31.
Rc3 1-0

[Event "Rapid Tournament (RAP)"]
[Site "Biel, Switzerland"]
[Date "2026.07.12"]
[Round "2.5"]
[White "Alexakis, Dimitrios"]
[Black "Sasikiran, Krishnan"]
[Result "0-1"]
[TimeControl "15 + 5"]
[WhiteTitle "-"]
[BlackTitle "-"]
[WhiteFideId "4200527"]
[BlackFideId "5004985"]
[WhiteElo "1954"]
[BlackElo "2520"]

1. e4 c5 2. Nf3 d6 3. d4 cxd4 4. Nxd4 Nf6 5. Nc3 a6 6. Rg1 e5 7. Nb3 h5 8. Bg5 Be6 9. Qd2 Nbd7 10.
O-O-O b5 11. f3 Be7 12. h4 Rc8 13. Kb1 O-O 14. Be2 Nb6 15. Bxf6 Bxf6 16. Qxd6 Rxc3 17. Qxd8 Bxd8 18. bxc3 Na4 19.
Rd2 Bxh4 20. Ka1 Nxc3 21. Kb2 Na4+ 22. Ka1 Be7 23. f4 exf4 24. e5 Bb4 25. Bxh5 Bxd2 26. Nxd2 Rc8 0-1

[Event "Rapid Tournament (RAP)"]
[Site "Biel, Switzerland"]
[Date "2026.07.12"]
[Round "2.6"]
[White "Alexakis, Dimitris"]
[Black "Laub, Patrick"]
[Result "1-0"]
[TimeControl "15 + 5"]
[WhiteTitle "-"]
[BlackTitle "-"]
[WhiteFideId "4277023"]
[BlackFideId "1302566"]
[WhiteElo "2518"]
[BlackElo "1949"]

1. e4 c6 2. d4 d5 3. Nc3 dxe4 4. Nxe4 Nf6 5. Nxf6+ exf6 6. c3 Bd6 7. Bd3 O-O 8. Ne2 Re8 9.
O-O Nd7 10. Bf4 Nf8 11. Bxd6 Qxd6 12. Ng3 Ng6 13. Qh5 Qf4 14. Qd1 Bg4 15. Qc1 Qxc1 16. Rfxc1 Nf4 17. Bf1 Ne2+ 18. Bxe2 Bxe2 19. Re1 Bd3 20. f3 Kf8 21.
Kf2 b6 22. Re4 Re7 23. Rxe7 Rd8 24. Re8+ Rxe8 25. Rd1 Bc4 26. b3 Be6 27. Nf1 Rd8 28. Ne3 Ke7 29. c4 h6 30. Ke2 Rd6 31.
Kd3 f5 32. Kc3 f6 33. a4 g6 34. a5 f4 35. Nc2 bxa5 36. Ra1 Bf5 37. Rxa5 Bxc2 38. Rxa7+ Ke6 39. c5 Rd5 40. Kxc2 Rxd4 41. Rc7 Kd5 42. Kc3 Kxc5 43. Rxc6+ Kxc6 44. Kxd4 1-0

[Event "Rapid Tournament (RAP)"]
[Site "Biel, Switzerland"]
[Date "2026.07.12"]
[Round "2.7"]
[White "Schwab, Felix"]
[Black "Aronyak, Ghosh"]
[Result "0-1"]
[TimeControl "15 + 5"]
[WhiteTitle "-"]
[BlackTitle "-"]
[WhiteFideId "1311450"]
[BlackFideId "25072846"]
[WhiteElo "1945"]
[BlackElo "2482"]

1. e4 c6 2. d4 d5 3. e5 Bf5 4. h4 h5 5. Bd3 Bxd3 6.
Qxd3 e6 7. Nf3 c5 8. dxc5 Bxc5 9. Nc3 Nc6 10. a3 Nge7 11. b4 Bb6 12. Nb5 Nf5 13. Bb2 a6 14. Nbd4 Nfxd4 15. Nxd4 Nxe5 16.
Qg3 Ng4 17. O-O-O Qc7 18. Qf3 Rc8 19. Rd2 O-O 20. Re1 a5 21. Kb1 axb4 22. axb4 Qc4 23. b5 Bxd4 24. Bxd4 Qb4+ 25. Kc1 Rc4 26.
Bb2 Rfc8 27. Red1 Qxb5 28. Qg3 Rb4 29. Qa3 Ne5 30. Rd4 Nc4 31. Rxc4 Rbxc4 32. Rd2 Rxc2+ 0-1

[Event "Rapid Tournament (RAP)"]
[Site "Biel, Switzerland"]
[Date "2026.07.12"]
[Round "2.8"]
[White "Ghosh, Diptayan"]
[Black "Tcheau, Alain"]
[Result "1-0"]
[TimeControl "15 + 5"]
[WhiteTitle "-"]
[BlackTitle "-"]
[WhiteFideId "5045207"]
[BlackFideId "1306014"]
[WhiteElo "2480"]
[BlackElo "1932"]

1. Nf3 c6 2. c4 e6 3. d4 d5 4. e3 Nf6 5. Nc3 Be7 6.
Bd3 O-O 7. O-O Re8 8. e4 dxe4 9. Nxe4 Nbd7 10. Qe2 Nxe4 11. Qxe4 Nf6 12. Qe2 b6 13. Bf4 Bb7 14. Rad1 Bd6 15.
Be5 Qe7 16. Rfe1 c5 17. dxc5 Bxe5 18. Nxe5 Qxc5 19. a3 a5 20. h3 Rad8 21. Bc2 Qc7 22. Qe3 Rxd1 23. Rxd1 Rd8 24. Rd4 Rd6 25.
Qd2 Rxd4 26. Qxd4 Ne8 27. Qd7 Qxd7 28. Nxd7 Nd6 29. Nxb6 Ba6 30. c5 Nc8 31. Nxc8 Bxc8 32. Kf1 Kf8 33.
Ke2 h6 34. Ke3 Ke7 35. b4 axb4 36. axb4 Kd7 37. Kd4 Bb7 38. g3 f6 39.
f4 Bg2 40. h4 Bf1 41. Ba4+ Kc7 42. b5 Bg2 43. b6+ Kb7 44. Bd7 Bh3 45. Kc3 Bg4 46. Kb4 Bf3 47. Bxe6 Bc6 48. Kc4 Be8 49.
Kd5 Ba4 50. Kd6 1-0

[Event "Rapid Tournament (RAP)"]
[Site "Biel, Switzerland"]
[Date "2026.07.12"]
[Round "2.9"]
[White "Hashem, Khaled"]
[Black "Acs, Peter"]
[Result "0-1"]
[TimeControl "15 + 5"]
[WhiteTitle "-"]
[BlackTitle "-"]
[WhiteFideId "10300201"]
[BlackFideId "708020"]
[WhiteElo "1926"]
[BlackElo "2474"]

1. d4 Nf6 2. c4 g6 3. Nc3 Bg7 4. e4 d6 5. f3 O-O 6.
Nge2 a6 7. Be3 c6 8. Qd2 b5 9. b3 Nbd7 10. Rd1 Qc7 11. Bh6 b4 12. Na4 c5 13. d5 Ne5 14. Ng3 Re8 15. Be2 Bh8 16.
O-O e6 17. dxe6 Rxe6 18. h3 Nc6 19. Nb2 Nd4 20. Nd3 Bb7 21. Nf4 Ree8 22. Bd3 a5 23. Nge2 Nd7 24. Nd5 Bxd5 25. cxd5 a4 26.
Nxd4 Bxd4+ 27. Be3 Bxe3+ 28. Qxe3 Qb7 29. Qe2 axb3 30. axb3 Ra3 31. Bb5 Rxb3 32. Ra1 Rb8 33. Bc6 Qc7 34. Ra6 Ne5 35. Rfa1 c4 36. Ba4 Ra3 37. Rxa3 bxa3 38. f4 Nd3 39.
Bc2 Nb4 40. Rxa3 Nxc2 41. Qxc2 Qc5+ 0-1

[Event "Rapid Tournament (RAP)"]
[Site "Biel, Switzerland"]
[Date "2026.07.12"]
[Round "2.10"]
[White "Gopal, G.N."]
[Black "Pinson, Clement"]
[Result "1-0"]
[TimeControl "15 + 5"]
[WhiteTitle "-"]
[BlackTitle "-"]
[WhiteFideId "5015693"]
[BlackFideId "26098660"]
[WhiteElo "2471"]
[BlackElo "1924"]

1. e4 e5 2. Nf3 Nc6 3. Bb5 a6 4.
Ba4 Nf6 5. O-O Be7 6. d3 b5 7. Bb3 d6 8. c3 Na5 9. Bc2 c5 10. d4 cxd4 11. cxd4 Qc7 12. Nc3 O-O 13. h3 Be6 14. Re1 Rfc8 15. a3 h6 16. Bd3 Bb3 17. Qe2 Bc4 18.
Be3 Bxd3 19. Qxd3 Nc4 20. Bc1 exd4 21. Nxd4 Bf8 22. Nf5 d5 23. exd5 Re8 24. Rd1 Qe5 25. Qf3 g6 26. Nxh6+ Bxh6 27. Bxh6 Nxb2 28. Bf4 Qf5 29. g4 Qd7 30. Rd4 Nc4 31.
d6 Rac8 32. Nd5 Nxd5 33. Rxd5 Re6 34. Rad1 Rce8 35. h4 Re4 36. R5d4 R4e6 37. Bg3 Kg7 38. h5 Ne5 39. Qd5 Nxg4 40.
Rxg4 Re1+ 41. Rxe1 Rxe1+ 42. Kh2 Qxg4 43. d7 Rd1 44. d8=Q Rxd5 45. Qxd5 gxh5 46. f3 Qg6 47. Kh3 a5 48. Qxb5 Qe6+ 49. Kh4 1-0

[Event "Rapid Tournament (RAP)"]
[Site "Biel, Switzerland"]
[Date "2026.07.12"]
[Round "2.11"]
[White "Wilhelm, Serge"]
[Black "Arjun, Kalyan"]
[Result "0-1"]
[TimeControl "15 + 5"]
[WhiteTitle "-"]
[BlackTitle "-"]
[WhiteFideId "1305808"]
[BlackFideId "35018701"]
[WhiteElo "1923"]
[BlackElo "2390"]

1. Nf3 d5 2. g3 Bg4 3.
Bg2 c6 4. d3 Nd7 5. Nbd2 Ngf6 6. h3 Bh5 7. O-O e5 8. e4 Be7 9. Re1 O-O 10. c3 Re8 11. Qc2 Bf8 12. Nf1 dxe4 13.
dxe4 Nc5 14. Nh4 Qd3 15. Qxd3 Nxd3 16. Re3 Rad8 17. g4 Bg6 18. Nxg6 hxg6 19. Re2 Bc5 20. Be3 Bxe3 21. Nxe3 Nf4 22. Rc2 Nxg2 23. Kxg2 Nxe4 24. a4 f6 25.
a5 Nc5 26. b4 Ne6 27. a6 b6 28. Nc4 Nf4+ 29. Kh2 Rd3 30. Ne3 Kf7 31. Rd1 Rxd1 32. Nxd1 Rh8 33. Rd2 Rxh3+ 34. Kg1 Ke6 35.
Ne3 Nd5 36. Kg2 Rh8 37. Nd1 f5 38. Kg3 e4 39. Rb2 f4+ 40. Kg2 f3+ 41. Kg1 Nf4 0-1

[Event "Rapid Tournament (RAP)"]
[Site "Biel, Switzerland"]
[Date "2026.07.12"]
[Round "2.12"]
[White "Gloeckler, Christian"]
[Black "Aryan, Mehta"]
[Result "1-0"]
[TimeControl "15 + 5"]
[WhiteTitle "-"]
[BlackTitle "-"]
[WhiteFideId "34608966"]
[BlackFideId "33329664"]
[WhiteElo "2332"]
[BlackElo "1921"]

1. Nf3 Nf6 2. c4 e6 3. b3 b6 4. g3 Bb7 5. Bg2 Be7 6. Bb2 O-O 7. O-O d6 8. d3 Nbd7 9. e4 e5 10. Nc3 Nc5 11. Re1 a5 12. Nh4 Re8 13. d4 exd4 14. Qxd4 Ne6 15. Qd2 Nd7 16. Nf5 Bf6 17. e5 Bxg2 18. exf6 Qxf6 19. Nxg7 Nxg7 20.
Kxg2 Ne5 21. f4 Nc6 22. Nd5 Qd8 23. Nf6+ Kf8 24. Nxh7+ Kg8 25. Nf6+ Kf8 26. Nxe8 Nxe8 27. Qd5 1-0

[Event "Rapid Tournament (RAP)"]
[Site "Biel, Switzerland"]
[Date "2026.07.12"]
[Round "2.13"]
[White "Lopez, Manuel"]
[Black "Savitha, Shri B"]
[Result "0-1"]
[TimeControl "15 + 5"]
[WhiteTitle "-"]
[BlackTitle "-"]
[WhiteFideId "1306324"]
[BlackFideId "35061887"]
[WhiteElo "1916"]
[BlackElo "2317"]

1. e4 c5 2. Nf3 e6 3. b4 cxb4 4. d4 Nf6 5. Bd3 Nc6 6. a3 d5 7. e5 Ne4 8. O-O bxa3 9. c3 Be7 10.
Bxa3 Bxa3 11. Rxa3 Ng5 12. Nxg5 Qxg5 13. f4 Qe7 14.
Ra2 O-O 15. Qh5 g6 16. Qh6 f6 17. Raf2 Qg7 18. Qh4 Bd7 19. Na3 Ne7 20. g4 Rac8 21. c4 Nc6 22. cxd5 Nxd4 23. dxe6 Bxe6 24.
Be4 fxe5 25. Kh1 exf4 26. g5 Qe5 27. Bxb7 Bd5+ 28. Bxd5+ Qxd5+ 29. Kg1 Rc3 30. Rxf4 Ne2+ 0-1

[Event "Rapid Tournament (RAP)"]
[Site "Biel, Switzerland"]
[Date "2026.07.12"]
[Round "2.14"]
[White "Maier, Christian"]
[Black "Materia, Mario"]
[Result "1-0"]
[TimeControl "15 + 5"]
[WhiteTitle "-"]
[BlackTitle "-"]
[WhiteFideId "4601955"]
[BlackFideId "651082241"]
[WhiteElo "2314"]
[BlackElo "1914"]

1. e4 e5 2. Nf3 Nc6 3.
Bb5 a6 4. Ba4 Nf6 5. d3 b5 6. Bb3 Be7 7. O-O d6 8. c3 O-O 9. Re1 Nb8 10. a4 Bb7 11. Nbd2 Nbd7 12. d4 c5 13.
Bc2 Qc7 14. d5 c4 15. Nf1 Nc5 16. Ng3 g6 17. h3 Rfb8 18. Bh6 Bf8 19. Qd2 Ncd7 20. Nh4 Bc8 21. a5 Qc5 22. Bxf8 Nxf8 23.
Kh2 b4 24. f4 bxc3 25. bxc3 Ne8 26. Ba4 Bd7 27. fxe5 Bxa4 28. Rxa4 dxe5 29. Qh6 Rb3 30. Re3 Rb1 31. Ra2 Rab8 32. Rf2 R8b2 33. Rxb2 Rxb2 34. Ngf5 Rb7 35.
d6 Ne6 36. Ne7+ Kh8 37. Rf3 Nxd6 38. Rxf7 Nxf7 39. Nhxg6# 1-0

[Event "Rapid Tournament (RAP)"]
[Site "Biel, Switzerland"]
[Date "2026.07.12"]
[Round "2.15"]
[White "Ivarsson, Anders"]
[Black "Lu, Miaoyi"]
[Result "0-1"]
[TimeControl "15 + 5"]
[WhiteTitle "-"]
[BlackTitle "-"]
[WhiteFideId "1768158"]
[BlackFideId "8618020"]
[WhiteElo "1907"]
[BlackElo "2309"]

1. Nf3 Nf6 2. c4 e6 3. g3 d5 4. Bg2 Be7 5. O-O O-O 6.
a4 a5 7.
Na3 c6 8. b3 Na6 9. Bb2 b6 10. Ne5 Bb7 11. Rc1 Nd7 12. Nxd7 Qxd7 13. e3 Rfd8 14. Qg4 Bf8 15. cxd5 cxd5 16.
Nb5 Rac8 17. Bd4 Nc5 18. Rb1 Ba6 19. Qe2 Rc6 20. f4 Nb7 21. Rfc1 Nd6 22. Bf1 Rdc8 23. Qe1 Ne4 24. Rxc6 Rxc6 25.
Rc1 Bb4 26. Bc3 Bxc3 27. dxc3 e5 28. Bd3 Nc5 29. Qd1 Rh6 30. Qe2 Nxb3 31. Rb1 Nc5 32. fxe5 Nxa4 33. Qc2 Nc5 34. c4 dxc4 35. Bxc4 Bb7 36. Nd6 Qc6 37. e4 Ne6 38.
Qf2 Ng5 39. h4 Nh3+ 40. Kg2 Nxf2 41. Kxf2 Rxd6 42. exd6 Qxc4 43. Re1 Qd4+ 44. Kf1 Ba6+ 45. Kg2 Qd2+ 0-1

[Event "Rapid Tournament (RAP)"]
[Site "Biel, Switzerland"]
[Date "2026.07.12"]
[Round "2.16"]
[White "Cherniaev, Alexander"]
[Black "Lachat, Pierre"]
[Result "1-0"]
[TimeControl "15 + 5"]
[WhiteTitle "-"]
[BlackTitle "-"]
[WhiteFideId "4117301"]
[BlackFideId "1310763"]
[WhiteElo "2299"]
[BlackElo "1904"]

1. e4 c5 2. Nc3 Nc6 3.
Bb5 d6 4. Bxc6+ bxc6 5. d3 Be6 6.
f4 g6 7.
Nf3 Bg7 8. O-O Nf6 9. Qe1 Qc7 10. Kh1 h6 11. Bd2 Nh7 12. Rb1 Bd7 13. b3 a6 14. Na4 f5 15. Ba5 Qb7 16. Nb6 Rb8 17.
Nh4 Kf7 18. Qg3 Nf8 19. Rbe1 e6 20. Nc4 Ke7 21. exf5 gxf5 22. Nxf5+ 1-0

[Event "Rapid Tournament (RAP)"]
[Site "Biel, Switzerland"]
[Date "2026.07.12"]
[Round "2.17"]
[White "Alsaqer, Meshal"]
[Black "Balabayeva, Xeniya"]
[Result "0-1"]
[TimeControl "15 + 5"]
[WhiteTitle "-"]
[BlackTitle "-"]
[WhiteFideId "10301771"]
[BlackFideId "13719688"]
[WhiteElo "1903"]
[BlackElo "2291"]

1. d4 d5 2. Nf3 Nf6 3. c4 e6 4. Nbd2 Be7 5. g3 O-O 6. Qc2 Nc6 7. Bg2 dxc4 8. Qxc4 Qd5 9. O-O Rd8 10.
e3 Bd7 11. b3 Be8 12. Bb2 a5 13. a3 Rab8 14. Rac1 Rdc8 15. Qc3 Qd8 16. Nc4 b5 17. Nxa5 Nd5 18. Qe1 Nxa5 19. Qxa5 Bb4 20.
axb4 Ra8 21. Ra1 Rxa5 22. bxa5 Ra8 23. Ne5 c6 24. Bxd5 Qxd5 25. b4 Qb3 26. Ba3 f6 27. Rfb1 Qc2 28. Rc1 Qe4 29. Rc5 fxe5 30. Rxe5 Qf3 31.
Rxe6 Bd7 0-1

[Event "Rapid Tournament (RAP)"]
[Site "Biel, Switzerland"]
[Date "2026.07.12"]
[Round "2.18"]
[White "Filipovic, Branko"]
[Black "Jehnichen, Kai"]
[Result "0-1"]
[TimeControl "15 + 5"]
[WhiteTitle "-"]
[BlackTitle "-"]
[WhiteFideId "14507951"]
[BlackFideId "24684333"]
[WhiteElo "2279"]
[BlackElo "1903"]

1. d4 d5 2. Bf4 Nf6 3.
Nf3 c6 4. e3 Bg4 5. Nbd2 e6 6. h3 Bh5 7. Bd3 Bd6 8. O-O O-O 9. c3 Bxf4 10. exf4 Nbd7 11. Re1 Bxf3 12. Nxf3 Qb6 13.
b4 a5 14. a3 axb4 15. axb4 Qc7 16. Ne5 Rxa1 17. Qxa1 b5 18. Re2 Nb6 19. Ra2 Na4 20.
Bc2 Ne4 21. Bxa4 bxa4 22. Rxa4 f6 23.
Nd3 Qf7 24. Nc5 Nxc5 25. bxc5 h5 26.
Ra6 e5 27. f5 exd4 28. cxd4 Qd7 29. Qa4 Qxf5 30. Qxc6 Kh7 31. Qe6 Qf4 32. Qe3 Qf5 33. Ra7 Qb1+ 34. Kh2 Qb8+ 0-1

[Event "Rapid Tournament (RAP)"]
[Site "Biel, Switzerland"]
[Date "2026.07.12"]
[Round "2.19"]
[White "Kwiatkowski, Maciej"]
[Black "Shukhman, Anna"]
[Result "0-1"]
[TimeControl "15 + 5"]
[WhiteTitle "-"]
[BlackTitle "-"]
[WhiteFideId "1360175"]
[BlackFideId "54180058"]
[WhiteElo "1902"]
[BlackElo "2272"]

1. e4 c5 2. Nf3 d6 3. Bc4 Nc6 4. c3 Nf6 5. d3 g6 6. O-O Bg7 7. Bg5 O-O 8. Bb3 b5 9. a3 Rb8 10. Nbd2 c4 11. Bxf6 Bxf6 12. dxc4 bxc4 13.
Nxc4 Be6 14. Qe2 Rxb3 15. Rab1 Qc7 16. Ne3 Rfb8 17. h3 Qb7 0-1

[Event "Rapid Tournament (RAP)"]
[Site "Biel, Switzerland"]
[Date "2026.07.12"]
[Round "2.20"]
[White "Dong, Hongfu"]
[Black "Lang, Fabian"]
[Result "1-0"]
[TimeControl "15 + 5"]
[WhiteTitle "-"]
[BlackTitle "-"]
[WhiteFideId "8626960"]
[BlackFideId "1310160"]
[WhiteElo "2271"]
[BlackElo "1900"]

1. e4 c6 2. d4 d5 3. e5 c5 4. Nf3 Nc6 5. dxc5 Bg4 6.
c3 e6 7.
b4 Nge7 8. Bb5 Ng6 9. Nbd2 Ngxe5 10. h3 Bxf3 11. Nxf3 Nxf3+ 12. Qxf3 Be7 13. O-O O-O 14. Bb2 Bf6 15. a3 Qc7 16.
Rfe1 b6 17. Qe3 Rfb8 18. Rab1 a6 19. cxb6 Rxb6 20. Bf1 a5 21. b5 Ne7 22. c4 Nf5 23. Qf3 Bxb2 24. Rxb2 Rd8 25. cxd5 Rxd5 26.
Qxd5 1-0

[Event "Rapid Tournament (RAP)"]
[Site "Biel, Switzerland"]
[Date "2026.07.12"]
[Round "2.21"]
[White "Ranieri, Pierpaolo"]
[Black "Cao, Qingfeng"]
[Result "0-1"]
[TimeControl "15 + 5"]
[WhiteTitle "-"]
[BlackTitle "-"]
[WhiteFideId "893986"]
[BlackFideId "8627568"]
[WhiteElo "1891"]
[BlackElo "2265"]

1. d4 Nf6 2. Nf3 e6 3. c4 b6 4. g3 Bb7 5. Bg2 Bb4+ 6. Bd2 c5 7. Bxb4 cxb4 8. a3 bxa3 9. Rxa3 O-O 10.
O-O d6 11. Nc3 a5 12. Re1 Na6 13. e4 Rc8 14. b3 Nb4 15. Ra1 Qe7 16. e5 dxe5 17. dxe5 Nd7 18. Nb5 Nc5 19. Nd6 Rcd8 20.
Nd4 Bxg2 21. Kxg2 Ncd3 22. N4b5 Nxe1+ 23. Qxe1 Nc2 24. Qc1 Nxa1 25. Qxa1 Qd7 26. Qd4 Qc6+ 27. f3 Qc5 28. Qxc5 bxc5 29.
Nb7 Rd2+ 30. Kh3 Rb8 31. Nxc5 Rxb5 32. cxb5 Rd5 0-1

[Event "Rapid Tournament (RAP)"]
[Site "Biel, Switzerland"]
[Date "2026.07.12"]
[Round "2.22"]
[White "Tureshbayev, Anuar"]
[Black "Berezovskii, Arina"]
[Result "1-0"]
[TimeControl "15 + 5"]
[WhiteTitle "-"]
[BlackTitle "-"]
[WhiteFideId "651081709"]
[BlackFideId "34449850"]
[WhiteElo "2246"]
[BlackElo "1895"]

1. e4 e5 2. Nf3 Nf6 3.
d3 Nc6 4. g3 Bc5 5. Bg2 O-O 6. O-O d6 7. c3 Bg4 8. h3 Bh5 9. g4 Bg6 10. Bg5 Qe7 11. d4 Bb6 12. d5 Nb8 13.
Nbd2 Nbd7 14. Qe2 h6 15. Bh4 Bh7 16. a4 a5 17.
g5 hxg5 18. Nxg5 Rfe8 19. Nc4 Bc5 20. Nxh7 Kxh7 21. Ne3 Bxe3 22. fxe3 Rh8 23. Rf5 g6 24. Rxf6 Nxf6 25. Rf1 Rhg8 26.
Bxf6 Qd7 27. Rf5 Rge8 28. Rh5+ 1-0

[Event "Rapid Tournament (RAP)"]
[Site "Biel, Switzerland"]
[Date "2026.07.12"]
[Round "2.23"]
[White "Varela Tavares, Goncalo"]
[Black "Haimovich, Tal"]
[Result "0-1"]
[TimeControl "15 + 5"]
[WhiteTitle "-"]
[BlackTitle "-"]
[WhiteFideId "1344773"]
[BlackFideId "2801698"]
[WhiteElo "1880"]
[BlackElo "2245"]

1. Nf3 Nf6 2. b3 d5 3.
Bb2 e6 4. g3 Be7 5. Bg2 O-O 6. O-O c5 7. e3 Nc6 8. d4 Bd7 9. Nbd2 cxd4 10. exd4 Rc8 11. c4 Re8 12. c5 b6 13.
cxb6 Qxb6 14. Ne5 Red8 15. Ndf3 Be8 16. Nxc6 Rxc6 17. Ne5 Rc7 18. Rc1 Rdc8 19. Rxc7 Rxc7 20. Qb1 Nd7 21. Rc1 Rxc1+ 22. Qxc1 Nxe5 23. dxe5 Bc5 24. Qc2 a5 25. Qd2 a4 26. bxa4 Bxa4 27. Bf1 h5 28. h4 Bc6 29. Bd3 Bb7 30.
Bc3 d4 31. Ba5 Qc6 32. Kf1 Qh1+ 33. Ke2 Bf3# 0-1

[Event "Rapid Tournament (RAP)"]
[Site "Biel, Switzerland"]
[Date "2026.07.12"]
[Round "2.24"]
[White "Gautier, Anand"]
[Black "Zecirovic, Giacomo"]
[Result "1-0"]
[TimeControl "15 + 5"]
[WhiteTitle "-"]
[BlackTitle "-"]
[WhiteFideId "26010186"]
[BlackFideId "1339451"]
[WhiteElo "2223"]
[BlackElo "1886"]

1. e4 c6 2. d4 d5 3.
Nc3 dxe4 4. Nxe4 Nf6 5. Nxf6+ exf6 6. c3 Bd6 7. Bd3 O-O 8. Ne2 Re8 9. Qc2 h6 10. O-O c5 11. Be3 Qc7 12.
dxc5 Bxc5 13. Bxc5 Qxc5 14. Nd4 Bd7 15. Bf5 Bxf5 16. Qxf5 Re5 17. Qf3 Qc7 18. Qg3 Qb6 19. Rae1 Nd7 20.
b3 Rae8 21. Nf3 Rxe1 22. Rxe1 Rxe1+ 23. Nxe1 Ne5 24. h3 Qa6 25. f4 Ng6 26. Qf2 Qd6 27. g3 a5 28. Kh2 h5 29. h4 Ne7 30.
Ng2 Nd5 31. Qd2 Qc5 32. c4 Nb4 33. Ne1 a4 34. Nf3 Nc6 35.
Qe2 axb3 36. axb3 Qb4 37. Qe8+ Qf8 38. Qxf8+ Kxf8 39. Kg2 Na5 40. Nd2 Nc6 41. Kf3 f5 42. Ke3 Ke7 43. Nf3 f6 44. Nd4 Nxd4 45. Kxd4 Kd6 46. c5+ Kc6 47. Kc4 Kd7 48. Kd5 g5 49.
b4 1-0

[Event "Rapid Tournament (RAP)"]
[Site "Biel, Switzerland"]
[Date "2026.07.12"]
[Round "2.25"]
[White "Berger, Vincent"]
[Black "Manko, Mariia"]
[Result "0-1"]
[TimeControl "15 + 5"]
[WhiteTitle "-"]
[BlackTitle "-"]
[WhiteFideId "1317822"]
[BlackFideId "14199220"]
[WhiteElo "1877"]
[BlackElo "2210"]

1. f4 d5 2. Nf3 c5 3.
e3 Nc6 4. b3 Nf6 5. Bb5 Bd7 6. Bb2 e6 7. O-O a6 8. Bxc6 Bxc6 9. Ne5 Rc8 10. d3 Bd6 11. Nd2 O-O 12. Ndf3 Nd7 13.
Qe2 f6 14. Nxc6 Rxc6 15. g3 e5 16. fxe5 Bxe5 17. Nxe5 fxe5 18. e4 d4 19. Rxf8+ Qxf8 20. Rf1 Qe7 21. Bc1 b5 22. Qg4 c4 23.
bxc4 bxc4 24. Bg5 Qe6 25. Qf3 h6 26.
Bc1 cxd3 27. cxd3 Qxa2 28. Bxh6 Rxh6 29. h4 Rf6 30. Qg4 Qe6 31. Qe2 Qh3 32. Qg2 Qxg2+ 33. Kxg2 Rxf1 0-1

[Event "Rapid Tournament (RAP)"]
[Site "Biel, Switzerland"]
[Date "2026.07.12"]
[Round "2.26"]
[White "Frey, Fabian"]
[Black "Hajduk, Tomasz"]
[Result "1-0"]
[TimeControl "15 + 5"]
[WhiteTitle "-"]
[BlackTitle "-"]
[WhiteFideId "1336487"]
[BlackFideId "21811415"]
[WhiteElo "2207"]
[BlackElo "1879"]

1. d4 d5 2. c4 e6 3. Nc3 Nf6 4. cxd5 exd5 5. Bg5 Be7 6. e3 O-O 7. Bd3 h6 8. Bf4 c6 9. Nf3 Bg4 10. h3 Bh5 11. Qc2 Ne4 12.
Nxe4 dxe4 13. Bxe4 Bb4+ 14. Nd2 Qe7 15. g4 Bg6 16. Bxg6 fxg6 17. O-O-O g5 18. Bg3 Nd7 19. h4 c5 20.
d5 c4 21. Kb1 b5 22. hxg5 Qxg5 23. Bf4 Rxf4 24. exf4 Qxf4 25. Ne4 Ne5 26. g5 Nd3 27. Qe2 hxg5 28. Rdg1 Ne5 29. Nxg5 Qf5+ 30.
Qe4 Qxe4+ 31. Nxe4 Rd8 32. Rg5 Rxd5 33. Nf6+ 1-0

[Event "Rapid Tournament (RAP)"]
[Site "Biel, Switzerland"]
[Date "2026.07.12"]
[Round "2.27"]
[White "Materia, Matteo"]
[Black "Rohrer, Christophe"]
[Result "0-1"]
[TimeControl "15 + 5"]
[WhiteTitle "-"]
[BlackTitle "-"]
[WhiteFideId "45150575"]
[BlackFideId "1326546"]
[WhiteElo "1868"]
[BlackElo "2202"]

1. Nf3 Nf6 2. e3 d5 3. b3 e6 4. Bb2 Nbd7 5. d4 b6 6. Bd3 Bb7 7. O-O Bd6 8.
Nbd2 O-O 9. Ne5 c5 10. f4 Ne4 11. Nxe4 dxe4 12. Bb5 Nf6 13. Qe1 Rc8 14. c3 Qe7 15. Rc1 a6 16. Be2 b5 17.
Qg3 cxd4 18. cxd4 Nd5 19. Rfd1 f6 20. Ng4 Kh8 21.
Nf2 f5 22. Nh3 Bb4 23. Rc5 Bxc5 24. dxc5 Nf6 25. Be5 Rfd8 26. Bd6 Qe8 27. b4 Bd5 28. a4 Bb3 29. Rb1 Bxa4 30. Ng5 h6 31.
Qh4 Kg8 32. Ra1 Rc6 33. Rxa4 bxa4 34. Bc4 Rdxd6 35. cxd6 Rxc4 0-1

[Event "Rapid Tournament (RAP)"]
[Site "Biel, Switzerland"]
[Date "2026.07.12"]
[Round "2.28"]
[White "Fernandes Barbosa Dos Santos, Gabriel"]
[Black "Aryan, Goyal"]
[Result "1/2-1/2"]
[TimeControl "15 + 5"]
[WhiteTitle "-"]
[BlackTitle "-"]
[WhiteFideId "1354388"]
[BlackFideId "366108825"]
[WhiteElo "2199"]
[BlackElo "1869"]

1. e4 e5 2. Nf3 Nc6 3.
Bb5 a6 4. Ba4 Nf6 5. O-O Nxe4 6. Re1 Nc5 7.
Bxc6 dxc6 8. Nxe5 Be7 9. d4 Ne6 10. Be3 O-O 11. c4 f6 12. Nf3 Re8 13. Nc3 Nf8 14. h3 Be6 15. Qd3 Qd7 16. Rad1 Rad8 17. Bf4 Ng6 18.
Bg3 Bf5 19. Qd2 Bd6 20. Kh2 h5 21. c5 Bxg3+ 22. fxg3 Ne7 23. Nh4 Be6 24. Qf2 Nd5 25. Ne4 Qf7 26. Rd2 Re7 27. Rde2 Rde8 28.
Qf3 g5 29. Nf5 Bxf5 30. Qxf5 Kg7 31. Nc3 Qg6 32. Rxe7+ Rxe7 33. Rxe7+ Nxe7 34. Qd7 Qf7 35. Qxc7 Qe6 36. Qd6 Qe3 37.
d5 Nf5 38. Qc7+ Kg6 39. Qb8 h4 40.
gxh4 gxh4 41. Qg8+ Ng7 42. Qb8 Nf5 43. a4 Ng3 44. Qg8+ Kh6 45. Qh8+ Kg6 46. Qg8+ Kh6 47. Qh8+ Kg6 48.
Qg8+ Kh6 49. Qf8+ Kg6 50. Qg8+ Kh6 1/2-1/2

[Event "Rapid Tournament (RAP)"]
[Site "Biel, Switzerland"]
[Date "2026.07.12"]
[Round "2.29"]
[White "Villiger, Jan"]
[Black "Habibi, Ali"]
[Result "1-0"]
[TimeControl "15 + 5"]
[WhiteTitle "-"]
[BlackTitle "-"]
[WhiteFideId "1340891"]
[BlackFideId "4604393"]
[WhiteElo "1846"]
[BlackElo "2187"]

1. e4 c5 2. Nf3 a6 3. c4 d6 4. Nc3 Nf6 5. d4 cxd4 6. Nxd4 e6 7. Be2 Qc7 8. O-O Be7 9. Be3 O-O 10. Qd2 Nbd7 11. f4 Re8 12. Rfc1 b6 13.
Bf3 Bb7 14. Rab1 Rac8 15. b3 Qb8 16. f5 Bf8 17. fxe6 fxe6 18. Bg5 Qa8 19. Re1 Nc5 20. Bxf6 gxf6 21. b4 Nd7 22. Bg4 Rxc4 23.
Bxe6+ Rxe6 24. Nxe6 Be7 25. Nd5 Kf7 26. Nd4 Bxd5 27.
exd5 Qxd5 28. Rbd1 Ne5 29. a3 b5 30. Qe3 Qb7 31. Qh6 Qb6 32. Qxh7+ Ke8 33. Qg8+ Kd7 34. Qe6+ Kd8 35. Qd5 Nc6 36. Re4 f5 37. Rf4 Kc7 38. Kh1 Nd8 39. Rxf5 Kb8 40. Ne6 Nc6 41. Rf7 Qe3 42.
Rxe7 Nxe7 43. Qxd6+ Ka8 44. Qxe7 Rc1 45. Qd8+ Kb7 46. Qd7+ Kb8 47. Qd6+ Ka7 48. Nc5 Rxd1+ 49. Qxd1 Qe7 50.
Qd7+ Qxd7 51. Nxd7 Kb7 52. Nc5+ Kb6 53. h4 a5 54. h5 1-0